 Dungeon Crawl Stone Soup version 0.31.0-11-ge490571c62 (webtiles) character file.

Game seed: 7372285414598532257

7 qw the Shooter (level 1, -1/10 HPs)
             Began as a Spriggan Hunter on Feb 3, 2024.
             Succumbed to their own poison gas
             ... on level 1 of the Dungeon.
             The game lasted 00:00:10 (712 turns).

qw the Shooter (Spriggan Hunter)                     Turns: 712, Time: 00:00:10

Health: -1/10      AC:  2    Str:  7    XL:     1   Next: 91%
Magic:  2/2        EV: 18    Int: 10    God:
Gold:   930        SH:  0    Dex: 18    Spells: 0/0 levels left

rFire   . . .        a - +0 shortbow
rCold   . . .        (shield currently unavailable)
rNeg    . . .        c - +0 robe
rPois   .            (helmet restricted)
rElec   .            (no cloak)
rCorr   .            (gloves unavailable)
SInv    +            (boots unavailable)
Will    .....        (no amulet)
Stlth   ++           (no ring)
HPRegen 0.21/turn    (no ring)
MPRegen 0.08/turn

%: no passive effects
@: lethally poisoned (-1 -> -18), very quick
A: very small, no large weapons, unfitting armour, see invisible, speed 3
a: no special abilities


You were on level 1 of the Dungeon.
You visited 1 branch of the dungeon, and saw 1 of its levels.

You collected 930 gold pieces.


Innate Abilities, Weirdness & Mutations

You are very small and have problems with some larger weapons.
You are too small for most types of armour.
You have supernaturally acute eyesight. (SInv)
You cover ground extremely quickly. (Speed+++)


   Skills:
 - Level 1.5 Fighting
 - Level 4.0 Ranged Weapons
 + Level 3.6 Dodging
 - Level 1.5 Stealth


You couldn't memorise any spells.
You didn't know any spells.
Your spell library was empty.

Inventory:

Hand Weapons
 a - a +0 shortbow (weapon)
Armour
 c - a +0 robe (worn)
Potions
 g - 2 potions of heal wounds

Dungeon Overview and Level Annotations

Branches:
Dungeon (1/15)

Altars:


Message History

It was a scroll of poison.
Done exploring.
692 ||| DROPPING scroll of butterflies.
You drop a scroll of butterflies.
Done exploring.
What level of the Dungeon? (default 1, ? - help) Sorry, I don't know how to get there.
Enter note:
Enter note:
Enter note:
Enter note:
Enter note:
Enter note:
Enter note:
Enter note:
Enter note: You are engulfed in poison gas.
You are lethally poisoned!
You feel very sick.
694 ||| Stepping ~*~*~tactically~*~*~ (cloud).
You feel very sick.
You see here a scroll of butterflies.
695 ||| DRINKING 2 potions of curing.
You feel better.
695 ||| (to cure poison)
You start resting.
HP restored.
You are engulfed in poison gas.
You are lethally poisoned!
You feel sick.
702 ||| Stepping ~*~*~tactically~*~*~ (cloud).
You feel sick.
You see here a scroll of butterflies.
703 ||| DRINKING potion of curing.
You feel better.
703 ||| (to cure poison)
You start resting.
HP restored.
You are engulfed in poison gas.
You are lethally poisoned!
Ouch! That really hurt!
You feel very sick.
712 ||| Stepping ~*~*~tactically~*~*~ (cloud).
You die...

############.#############
#............#
#.############ #.##########
#########
########..........#
#>.......
..........#######.#
#.####### ##............#
#.#######.#
......#...###0###.##......#
##........0.0...@0##.######
##.#.##...0?000(00....###
#.####..###.##..####...#
#.####..# #.##..# ###.###
#.##....# #.##..## #...#
#.##.##.###.##...## ###.#
#.##.##.##.......~77777~.#
###.##.##.........~~~7~~~~~#
....##.#####..####7~~~~~~~7#


There were no monsters in sight!

Vanquished Creatures
  2 giant cockroaches (D:1)
  A goblin (D:1)
  A ball python (D:1)
  A bat (D:1)
  2 kobolds (D:1)
7 creatures vanquished.

Notes
Turn   | Place    | Note
-------+----------+-------------------------------------------
     0 | D:1      | qw the Spriggan Hunter began the quest for the Orb.
     0 | D:1      | Reached XP level 1. HP: 10/10 MP: 2/2
     0 | D:1      | 0 ||| qw: Version: 0.3-a-155-g5e7d8dd
     0 | D:1      | 0 ||| qw: Game counter: 3348
     0 | D:1      | 0 ||| qw: Melee chars always use a shield: true
     0 | D:1      | 0 ||| qw: God list: Okawaru
     0 | D:1      | 0 ||| qw: Allow faded altars: false
     0 | D:1      | 0 ||| qw: Do Orc after clearing Dungeon:15 true
     0 | D:1      | 0 ||| qw: Do second Lair branch before Depths: true
     0 | D:1      | 0 ||| qw: Lair rune preference: random
     0 | D:1      | 0 ||| qw: Goals: Normal
     0 | D:1      | 0 ||| PLANNING D:1-11
    52 | D:1      | Reached skill level 3 in Dodging
   682 | D:1      | 682 ||| READING scroll labelled SUFERE DAEFFA.
   683 | D:1      | 683 ||| READING scroll labelled CALOYTSEITE.
   687 | D:1      | 687 ||| READING 2 scrolls labelled IKARORGH FECOFU.
   687 | D:1      | 687 ||| IDENTIFYING 2 white potions
   688 | D:1      | 688 ||| READING scroll of identify.
   688 | D:1      | 688 ||| IDENTIFYING 2 metallic green potions
   689 | D:1      | 689 ||| READING scroll labelled ONIEPS ROGUM.
   689 | D:1      | Identified a scroll of acquirement
   689 | D:1      | 689 ||| ACQUIRING 867 gold pieces
   689 | D:1      | Acquired 867 gold pieces
   691 | D:1      | 691 ||| READING scroll labelled POBBYA CEYR.
   692 | D:1      | 692 ||| DROPPING scroll of butterflies.
   694 | D:1      | 694 ||| Stepping ~*~*~tactically~*~*~ (cloud).
   694 | D:1      | HP: 1/10 [poisoned by you (poison gas)]
   695 | D:1      | 695 ||| DRINKING 2 potions of curing.
   695 | D:1      | 695 ||| (to cure poison)
   702 | D:1      | 702 ||| Stepping ~*~*~tactically~*~*~ (cloud).
   703 | D:1      | 703 ||| DRINKING potion of curing.
   703 | D:1      | 703 ||| (to cure poison)
   711 | D:1      | HP: 1/10 [poisoned by you (poison gas)]
   712 | D:1      | 712 ||| Stepping ~*~*~tactically~*~*~ (cloud).
   712 | D:1      | Succumbed to their own poison gas

Levels and vault maps discovered:
D:1:      reono_arrival_forest_river, layout_loops_ring

Skill      XL: |  1 |
---------------+----+-----
Dodging        | 3 |  3.6
Fighting       | |  1.5
Ranged Weapons | |  4.0
Stealth        | |  1.5

Action                     || total
---------------------------++-------
   Fire: Shortbow          ||    26
    Use: Scroll            ||     6
         Potion            ||     2
 Armour: Robe              ||     2
  Dodge: Dodged            ||    12

Table legend:
 A = Non-vault XP
 B = Vault XP
 C = Vault XP percentage of total XP
 D = Non-vault monster count
 E = Vault monster count
 F = Vault count percentage of total count
                 A         B        C        D         E       F
            +---------+---------+-------+---------+---------+-------
      Total |      11 |       0 |   0.0 |       7 |       0 |   0.0
            +---------+---------+-------+---------+---------+-------
        D:1 |      11 |       0 |   0.0 |       7 |       0 |   0.0
            +---------+---------+-------+---------+---------+-------
